 Dungeon Crawl Stone Soup version 0.21-a0-279-g6037ffb (webtiles) character file.

49 Multipenetrator the Skirmisher (level 3, 0/36 HPs)
             Began as a Hill Orc Fighter on Sept 24, 2017.
             Slain by an adder (3 damage)
             ... on level 2 of the Dungeon.
             The game lasted 00:01:39 (1020 turns).

Multipenetrator the Skirmisher (Hill Orc Fighter)   Turns: 1020, Time: 00:01:40

Health: 0/36       AC:  5    Str: 24    XL:     3   Next: 75%
Magic:  3/3        EV:  7    Int:  8    God:
Gold:   87         SH:  9    Dex: 10    Spells: 2/2 levels left

rFire    . . .     SeeInvis .   a - +0 war axe
rCold    . . .     Gourm    .   c - +0 shield
rNeg     . . .     Faith    .   b - +0 scale mail
rPois    .         Spirit   .   (no helmet)
rElec    .         Reflect  .   m - +0 cloak
rCorr    .         Harm     .   (no gloves)
MR       .....                  l - -1 pair of boots (curse)
Stlth    ..........             (no amulet)
HPRegen  0.12/turn              (no ring)
MPRegen  0.08/turn              (no ring)

@: mighty, lethally poisoned (0 -> -6), flying, hasted, very quick
A: deformed body, robust 1
a: no special abilities


You were on level 2 of the Dungeon.
You were not hungry.

You visited 1 branch of the dungeon, and saw 2 of its levels.

You collected 87 gold pieces.

Inventory:

Hand Weapons
 a - a +0 war axe (weapon)
Armour
 b - a +0 scale mail (worn)
 c - a +0 shield (worn)
 l - a cursed -1 pair of boots (worn)
 m - a +0 cloak (worn)
Jewellery
 h - an uncursed ring of ice
 q - an uncursed ring of resist corrosion {unknown}
Scrolls
 e - 3 scrolls of identify {unknown}
 i - 4 scrolls of enchant armour {unknown}
 j - 2 scrolls of fog {unknown}
 n - a scroll of recharging {unknown}
 p - 2 scrolls of remove curse {unknown}
Comestibles
 f - 2 bread rations
 r - a chunk of flesh


   Skills:
 * Level 4.3 Fighting
 * Level 3.8 Axes
 + Level 3.6 Armour
 + Level 0.2 Dodging
 + Level 3.4 Shields


You had 2 spell levels left.
You didn't know any spells.

Dungeon Overview and Level Annotations

Branches:
Dungeon (2/15)

Altars:


Innate Abilities, Weirdness & Mutations

Armour fits poorly on your strangely shaped body.
You are robust. (+10% HP)


Message History

Unknown command.
It was a potion of mutation.
You feel extremely strange.
Your body twists and deforms.
You feel robust.
* * * LOW HITPOINT WARNING * * *
You feel sick.
Unknown command.
Okay, then.
You miss the adder. You block the adder's attack. x2
You closely miss the adder.
* * * LOW HITPOINT WARNING * * *
You feel sick. The adder bites you.
* * * LOW HITPOINT WARNING * * *
Unknown command.
You barely miss the adder.
* * * LOW HITPOINT WARNING * * *
You feel sick. You block the adder's attack.
Unknown command.
You feel very mighty all of a sudden. The adder bites you.
You die...

.........#..#
####...........
.......#.#..#
#......!.......
...#####....#
#..............
... ###...#
#....##########
..
###.....###....#
#.....>..##....#
#........##.sr.#
#........###S###
#.[......# #@##
#........###..#
#.#.#.#.#.#.#.#.#
................#
#.#.#.#.#.#.#.#.#
...............#
.#.#.#.#[#.#.#..#
#####.#.######.#
#...# .#


You could see an adder, a giant cockroach and a rat.

Vanquished Creatures
  2 adders
  2 oozes (D:1)
  2 dart slugs (D:1)
  A ball python (D:2)
  A giant cockroach (D:1)
  4 hobgoblins
  3 bats
  3 frilled lizards
  2 kobolds
  A rat (D:1)
21 creatures vanquished.

Notes
Turn   | Place    | Note
-------+----------+-------------------------------------------
     0 | D:1      | Multipenetrator the Hill Orc Fighter began the quest for the Orb.
     0 | D:1      | Reached XP level 1. HP: 19/19 MP: 1/1
   174 | D:1      | Reached XP level 2. HP: 25/27 MP: 2/2
   405 | D:1      | Reached skill level 4 in Fighting
   405 | D:1      | Reached XP level 3. HP: 33/33 MP: 3/3
  1016 | D:2      | Gained mutation: Armour fits poorly on your strangely shaped body. [potion of mutation]
  1016 | D:2      | Gained mutation: You are robust. (+10% HP) [potion of mutation]
  1020 | D:2      | Slain by an adder

Vault maps used:
D:1:      denvon_arrival_planthouse
D:2:      st_stairs_13, serial_park_tiny_1, uniq_terence

Skill      XL: |  1  2 |
---------------+-------+-----
Axes           | 3 |  3.8
Fighting       | 4 |  4.3
Armour         | |  3.6
Dodging        | |  0.2
Shields        | |  3.4

Action                   || total
-------------------------++-------
Melee: War axe           ||    76
  Use: Potion            ||     4
Armor: Scale mail        ||    33
Dodge: Dodged            ||    22
Block: Shield            ||    61

Table legend:
 A = Spawn XP
 B = Non-spawn XP
 C = Spawn XP percentage of total XP
 D = Spawn monster count
 E = Non-spawn monster count
 F = Spawn count percentage of total count
 G = Total turns spent on level
                    A         B        C        D         E        F      G
               +---------+---------+-------+---------+---------+-------+---------
         Total |       0 |      70 |   0.0 |       0 |      21 |   0.0 |  1020
               +---------+---------+-------+---------+---------+-------+---------
           D:1 |       0 |      49 |   0.0 |       0 |      14 |   0.0 |   780
           D:2 |       0 |      21 |   0.0 |       0 |       7 |   0.0 |   240
               +---------+---------+-------+---------+---------+-------+---------
